| TOP OF THE 1ST |
|
Chicago White Sox batting - Pitching for Montreal Expos : LHP James Fisher
|
|
Pitching: LHP James Fisher
|
|
|
Batting: SHB Dan Lash
|
0-0: Foul Ball, location: 2F 0-1: Fly out, F8 (Line Drive, 8RM, EV 95.6 MPH)
|
|
Batting: RHB Steve Castleberry
|
0-0: Ball 1-0: Called Strike 1-1: Ball 2-1: Ball 3-1: Fly out, F8 (Flyball, 8LD, EV 102.5 MPH)
|
|
Batting: RHB Jason Moss
|
0-0: Ball 1-0: TRIPLE (Flyball, 9LD, EV 100.6 MPH)
|
|
Batting: RHB Hiroshige Yamada
|
0-0: Ball 1-0: Swinging Strike 1-1: Ball 2-1: Ball 3-1: Base on Balls
|
|
Batting: RHB Bobby Scholl
|
0-0: Called Strike 0-1: Foul Ball, location: 2F 0-2: Fielders Choice at 2nd, 5-4 (Groundball, 56, EV 78.1 MPH)
|
| Top of the 1st over - 0 runs, 1 hit, 0 errors, 2 left on base; Chicago 0 - Montreal 0 |
| BOTTOM OF THE 1ST |
|
Montreal Expos batting - Pitching for Chicago White Sox : RHP Ricky Salas
|
|
Pitching: RHP Ricky Salas
|
|
|
Batting: RHB Robby Juarez
|
0-0: Swinging Strike 0-1: Ground out 5-3 (Groundball, 56, EV 88.1 MPH)
|
|
Batting: SHB Pete Barutha
|
0-0: Swinging Strike 0-1: Foul Ball, location: 2F 0-2: Ball 1-2: Strikes out swinging
|
|
Batting: RHB Mike Salmon
|
0-0: Called Strike 0-1: Swinging Strike 0-2: Foul Ball, location: 2F 0-2: Ball 1-2: Ball 2-2: Strikes out looking
|
| Bottom of the 1st over - 0 runs, 0 hits, 0 errors, 0 left on base; Chicago 0 - Montreal 0 |
| TOP OF THE 2ND |
|
Chicago White Sox batting - Pitching for Montreal Expos : LHP James Fisher
|
|
Batting: LHB Jack Christie
|
0-0: Ball 1-0: Ball 2-0: Fly out, F4 (Popup, 4, EV 61.2 MPH)
|
|
Batting: LHB Antonio Figueroa
|
0-0: Called Strike 0-1: Ball 1-1: Ball 2-1: Ball 3-1: Ground out 3-1 (Groundball, 34, EV 105.6 MPH)
|
|
Batting: LHB Brian Feher
|
0-0: Ball 1-0: Called Strike 1-1: Ball 2-1: Fly out, F8 (Flyball, 78M, EV 98.8 MPH)
|
| Top of the 2nd over - 0 runs, 0 hits, 0 errors, 0 left on base; Chicago 0 - Montreal 0 |
| BOTTOM OF THE 2ND |
|
Montreal Expos batting - Pitching for Chicago White Sox : RHP Ricky Salas
|
|
Batting: RHB Hugo Bautista
|
0-0: Called Strike 0-1: Ball 1-1: Foul Ball, location: 2F 1-2: Ball 2-2: Strikes out looking
|
|
Batting: LHB Jimmy Buscemi
|
0-0: Ball 1-0: Swinging Strike 1-1: Ball 2-1: Swinging Strike 2-2: Foul Ball, location: 2F 2-2: Strikes out swinging
|
|
Batting: RHB John Ham
|
0-0: Ground out U3 (Groundball, 13, EV 83.8 MPH)
|
| Bottom of the 2nd over - 0 runs, 0 hits, 0 errors, 0 left on base; Chicago 0 - Montreal 0 |
| TOP OF THE 3RD |
|
Chicago White Sox batting - Pitching for Montreal Expos : LHP James Fisher
|
|
Batting: RHB Roger Salazar
|
0-0: Called Strike 0-1: Ball 1-1: Foul Ball, location: 2F 1-2: Ball 2-2: Foul Ball, location: 2F 2-2: Hit by Pitch
|
|
Batting: SHB Dan Lash
|
0-0: Ball 1-0: Swinging Strike 1-1: Ball 2-1: Called Strike 2-2: Grounds into double play, 6-4-3 (Groundball, 6S, EV 91.9 MPH)
|
|
Batting: RHB Steve Castleberry
|
0-0: Ball 1-0: Ball 2-0: Ball 3-0: Called Strike 3-1: Swinging Strike 3-2: Strikes out swinging
|
| Top of the 3rd over - 0 runs, 0 hits, 0 errors, 0 left on base; Chicago 0 - Montreal 0 |
| BOTTOM OF THE 3RD |
|
Montreal Expos batting - Pitching for Chicago White Sox : RHP Ricky Salas
|
|
Batting: SHB Hans Mikkelsen
|
0-0: Fly out, F7 (Flyball, 7, EV 95.0 MPH)
|
|
Batting: RHB EugĂȘnio Asceno
|
0-0: Ball 1-0: Ground out 5-3 (Groundball, 5, EV 80.6 MPH)
|
|
Batting: RHB Jesse Basich
|
0-0: Ball 1-0: Swinging Strike 1-1: Foul Ball, location: 2F 1-2: Ground out 6-3 (Groundball, 6, EV 79.4 MPH)
|
| Bottom of the 3rd over - 0 runs, 0 hits, 0 errors, 0 left on base; Chicago 0 - Montreal 0 |
| TOP OF THE 4TH |
|
Chicago White Sox batting - Pitching for Montreal Expos : LHP James Fisher
|
|
Batting: RHB Jason Moss
|
0-0: Ball 1-0: SINGLE (Line Drive, 89S, EV 89.4 MPH)
|
|
Batting: RHB Hiroshige Yamada
|
0-0: Foul Ball, location: 2F 0-1: Ball 1-1: Ball 2-1: Ball 3-1: Called Strike 3-2: Ground out 4-3 (Groundball, 4S, EV 83.8 MPH) Jason Moss to second
|
|
Batting: RHB Bobby Scholl
|
0-0: Ball 1-0: Ground out 4-3 (Groundball, 4M, EV 100.6 MPH) Jason Moss to third
|
|
Batting: LHB Jack Christie
|
0-0: Ball 1-0: Called Strike 1-1: Ball 2-1: Ball 3-1: Called Strike 3-2: Strikes out looking
|
| Top of the 4th over - 0 runs, 1 hit, 0 errors, 1 left on base; Chicago 0 - Montreal 0 |
| BOTTOM OF THE 4TH |
|
Montreal Expos batting - Pitching for Chicago White Sox : RHP Ricky Salas
|
|
Batting: RHB Robby Juarez
|
0-0: Called Strike 0-1: Ball 1-1: Foul Ball, location: 2F 1-2: Strikes out swinging
|
|
Batting: SHB Pete Barutha
|
0-0: Ball 1-0: Called Strike 1-1: Bunt for hit to 15 - play at first, batter OUT! 1-3
|
|
Batting: RHB Mike Salmon
|
0-0: Ball 1-0: Called Strike 1-1: Ball 2-1: Called Strike 2-2: Ball 3-2: Ground out 5-3 (Groundball, 56S, EV 85.0 MPH)
|
| Bottom of the 4th over - 0 runs, 0 hits, 0 errors, 0 left on base; Chicago 0 - Montreal 0 |
| TOP OF THE 5TH |
|
Chicago White Sox batting - Pitching for Montreal Expos : LHP James Fisher
|
|
Pitching: RHP Alan Taylor
|
|
|
Batting: LHB Antonio Figueroa
|
0-0: Swinging Strike 0-1: Ground out 1-3 (Groundball, 13S, EV 66.2 MPH)
|
|
Batting: LHB Brian Feher
|
0-0: Ball 1-0: Ball 2-0: Foul Ball, location: 2F 2-1: Foul Ball, location: 2F 2-2: Ground out U3 (Groundball, 3S, EV 90.6 MPH)
|
|
Batting: RHB Roger Salazar
|
0-0: Swinging Strike 0-1: Swinging Strike 0-2: Strikes out swinging
|
| Top of the 5th over - 0 runs, 0 hits, 0 errors, 0 left on base; Chicago 0 - Montreal 0 |
| BOTTOM OF THE 5TH |
|
Montreal Expos batting - Pitching for Chicago White Sox : RHP Ricky Salas
|
|
Pitching: RHP Jimmy Seager
|
|
|
Batting: RHB Hugo Bautista
|
0-0: Foul Ball, location: 2F 0-1: TRIPLE (Flyball, 78XD, EV 92.5 MPH)
|
|
Batting: LHB Jimmy Buscemi
|
0-0: Ball 1-0: Ball 2-0: Called Strike 2-1: Hit by Pitch
|
|
Pinch Hitting: SHB Bran Stark
|
0-0: Ball 1-0: Foul Ball, location: 2F 1-1: Grounds into double play, 4-6-3 (Groundball, 4MS, EV 76.9 MPH) Hugo Bautista scores
|
|
Batting: SHB Hans Mikkelsen
|
0-0: Ball 1-0: Ball 2-0: Swinging Strike 2-1: Ball 3-1: Swinging Strike 3-2: Strikes out looking
|
| Bottom of the 5th over - 1 run, 1 hit, 0 errors, 0 left on base; Chicago 0 - Montreal 1 |
| TOP OF THE 6TH |
|
Chicago White Sox batting - Pitching for Montreal Expos : RHP Alan Taylor
|
|
Now in LF: Hans Mikkelsen
|
|
|
Now in RF: Bran Stark
|
|
|
Batting: SHB Dan Lash
|
0-0: Ball 1-0: Called Strike 1-1: Ball 2-1: Ball 3-1: Called Strike 3-2: Base on Balls
|
|
Batting: RHB Steve Castleberry
|
0-0: Ball 1-0: Swinging Strike 1-1: Foul Ball, location: 2F 1-2: Foul Ball, location: 2F 1-2: Ball 2-2: Ball 3-2: Strikes out swinging
|
|
Pinch Hitting: SHB Cesar Herrera
|
0-0: Swinging Strike 0-1: Swinging Strike 0-2: Ball 1-2: Strikes out looking
|
|
Batting: RHB Hiroshige Yamada
|
0-0: Foul Ball, location: 2F 0-1: Ball 1-1: Fielders Choice at 2nd, 6-4 (Groundball, 6, EV 86.2 MPH)
|
| Top of the 6th over - 0 runs, 0 hits, 0 errors, 1 left on base; Chicago 0 - Montreal 1 |
| BOTTOM OF THE 6TH |
|
Montreal Expos batting - Pitching for Chicago White Sox : RHP Jimmy Seager
|
|
Now in RF: Juan Concepcion
|
|
|
Batting: RHB EugĂȘnio Asceno
|
0-0: Called Strike 0-1: Ball 1-1: Ball 2-1: Ground out 2-3 (Groundball, 15S, EV 71.9 MPH)
|
|
Batting: RHB Jesse Basich
|
0-0: Ball 1-0: Ball 2-0: Ball 3-0: Called Strike 3-1: Base on Balls
|
|
Batting: RHB Robby Juarez
|
0-0: SINGLE (Groundball, 56D, EV 104.4 MPH) Jesse Basich to second
|
|
Batting: SHB Pete Barutha
|
0-0: Called Strike 0-1: Ball 1-1: Swinging Strike 1-2: Strikes out swinging
|
|
Batting: RHB Mike Salmon
|
0-0: Called Strike 0-1: Ground out 6-3 (Groundball, 6S, EV 63.1 MPH)
|
| Bottom of the 6th over - 0 runs, 1 hit, 0 errors, 2 left on base; Chicago 0 - Montreal 1 |
| TOP OF THE 7TH |
|
Chicago White Sox batting - Pitching for Montreal Expos : RHP Alan Taylor
|
|
Pitching: RHP Jeff Urry
|
|
|
Pinch Hitting: LHB Sonny Flood
|
0-0: Called Strike 0-1: Ball 1-1: Ball 2-1: Ball 3-1: Called Strike 3-2: DOUBLE (Line Drive, 78D, EV 103.1 MPH)
|
|
Batting: LHB Jack Christie
|
0-0: Swinging Strike 0-1: Ground out 4-3 (Groundball, 4, EV 82.5 MPH) Sonny Flood to third
|
|
Batting: LHB Antonio Figueroa
|
0-0: Called Strike 0-1: Ball 1-1: Fly out, F7 (Flyball, 7D, EV 102.5 MPH) Runner from 3rd tags up, SCORES, throw by LF
|
|
Batting: LHB Brian Feher
|
0-0: Ball 1-0: Ball 2-0: Foul Ball, location: 2F 2-1: Ball 3-1: Foul Ball, location: 2F 3-2: Foul Ball, location: 2F 3-2: Base on Balls
|
|
Batting: RHB Roger Salazar
|
0-0: Ball 1-0: Ball 2-0: Called Strike 2-1: Foul Ball, location: 2F 2-2: Foul Ball, location: 2F 2-2: Foul Ball, location: 2F 2-2: Ball 3-2: Foul Ball, location: 2F 3-2: Foul Ball, location: 2F 3-2: Foul Ball, location: 2F 3-2: Hit by Pitch Brian Feher to second
|
|
Pinch Hitting: RHB Jeff Brower
|
0-0: Ball 1-0: Swinging Strike 1-1: Ball 2-1: Called Strike 2-2: Strikes out swinging
|
| Top of the 7th over - 1 run, 1 hit, 0 errors, 2 left on base; Chicago 1 - Montreal 1 |
| BOTTOM OF THE 7TH |
|
Montreal Expos batting - Pitching for Chicago White Sox : RHP Jimmy Seager
|
|
Pitching: RHP Stanislav Mamatsev
|
|
|
Now at 1B: Jeff Brower
|
|
|
Now at 3B: Rocky Campbell
|
|
|
Now at SS: Roger Salazar
|
|
|
Batting: RHB Hugo Bautista
|
0-0: Swinging Strike 0-1: Called Strike 0-2: Ball 1-2: Fly out, F8 (Line Drive, 8RM, EV 108.1 MPH)
|
|
Batting: LHB Jimmy Buscemi
|
0-0: Called Strike 0-1: Ball 1-1: Called Strike 1-2: Ball 2-2: Ball 3-2: Base on Balls
|
|
Batting: SHB Bran Stark
|
0-0: Swinging Strike 0-1: Ball 1-1: Swinging Strike 1-2: Foul Ball, location: 2F 1-2: Strikes out swinging
|
|
Batting: SHB Hans Mikkelsen
|
0-0: Called Strike 0-1: Ball 1-1: Swinging Strike 1-2: Strikes out swinging
|
| Bottom of the 7th over - 0 runs, 0 hits, 0 errors, 1 left on base; Chicago 1 - Montreal 1 |
| TOP OF THE 8TH |
|
Chicago White Sox batting - Pitching for Montreal Expos : RHP Jeff Urry
|
|
Pitching: RHP Corey Jacobson
|
|
|
Pinch Hitting: LHB Randy Rosenberry
|
0-0: Called Strike 0-1: SOLO HOME RUN (Flyball, 9D, EV 97.5 MPH), Distance : 380 ft
|
|
Batting: LHB Juan Concepcion
|
0-0: SINGLE (Flyball, 8LS, EV 96.9 MPH)
|
|
Batting: RHB Hiroshige Yamada
|
0-0: Foul Ball, location: 2F 0-1: Grounds into double play, 6-4-3 (Groundball, 6, EV 100.6 MPH)
|
|
Batting: RHB Rocky Campbell
|
0-0: Fly out, F8 (Flyball, 89XD, EV 110.0 MPH)
|
| Top of the 8th over - 1 run, 2 hits, 0 errors, 0 left on base; Chicago 2 - Montreal 1 |
| BOTTOM OF THE 8TH |
|
Montreal Expos batting - Pitching for Chicago White Sox : RHP Stanislav Mamatsev
|
|
Pitching: RHP Jorge Mora
|
|
|
Now in CF: Randy Rosenberry
|
|
|
Batting: RHB EugĂȘnio Asceno
|
0-0: Ball 1-0: Ball 2-0: Ball 3-0: Called Strike 3-1: Base on Balls
|
|
Pinch Hitting: LHB Steve Anderson
|
0-0: Called Strike 0-1: Foul Ball, location: 2F 0-2: Ball 1-2: Ball 2-2: Strikes out swinging
|
|
Pinch Hitting: RHB Danny Diaz
|
0-0: Ball 1-0: Foul Ball, location: 2F 1-1: Swinging Strike 1-2: Strikes out swinging
|
|
Pinch Hitting: RHB Wing-kit Bu
|
0-0: Foul Ball, location: 2F 0-1: Ball 1-1: Foul Ball, location: 2F 1-2: Strikes out looking
|
| Bottom of the 8th over - 0 runs, 0 hits, 0 errors, 1 left on base; Chicago 2 - Montreal 1 |
| TOP OF THE 9TH |
|
Chicago White Sox batting - Pitching for Montreal Expos : RHP Corey Jacobson
|
|
Now at 3B: Steve Anderson
|
|
|
Now at SS: Danny Diaz
|
|
|
Now in CF: Bran Stark
|
|
|
Now in RF: Wing-kit Bu
|
|
|
Batting: RHB Leo Navarro
|
0-0: Ball 1-0: Fly out, F9 (Flyball, 9S, EV 71.2 MPH)
|
|
Batting: LHB Antonio Figueroa
|
0-0: Ball 1-0: Ball 2-0: Foul Ball, location: 2F 2-1: Ground out 6-3 (Groundball, 6, EV 97.5 MPH)
|
|
Pinch Hitting: LHB Mike Kara
|
0-0: Foul Ball, location: 2F 0-1: Ball 1-1: SINGLE (Groundball, 34D, EV 101.2 MPH)
|
|
Batting: RHB Roger Salazar
|
0-0: Ground out U3 (Groundball, 34S, EV 82.5 MPH)
|
| Top of the 9th over - 0 runs, 1 hit, 0 errors, 1 left on base; Chicago 2 - Montreal 1 |
| BOTTOM OF THE 9TH |
|
Montreal Expos batting - Pitching for Chicago White Sox : RHP Jorge Mora
|
|
Pitching: RHP Jeremy Fraraccio
|
|
|
Now in LF: Mike Kara
|
|
|
Batting: RHB Wen-hua Lei
|
0-0: Ball 1-0: SINGLE (Groundball, P, EV 93.8 MPH) (infield hit)
|
|
Batting: RHB Hugo Bautista
|
0-0: Ball 1-0: Grounds into double play, 4-6-3 (Groundball, 4M, EV 88.1 MPH)
|
|
Pinch Hitting: LHB Danny Hull
|
0-0: Ball 1-0: Called Strike 1-1: Foul Ball, location: 2F 1-2: SINGLE (Groundball, 6S, EV 68.8 MPH) (infield hit)
|
|
Batting: SHB Bran Stark
|
0-0: Ball 1-0: Ball 2-0: Ball Wild Pitch! Danny Hull to second 3-0: Called Strike 3-1: Called Strike 3-2: Base on Balls
|
|
Batting: SHB Hans Mikkelsen
|
0-0: Ground out 4-3 (Groundball, 4, EV 89.4 MPH)
|
| Bottom of the 9th over - 0 runs, 2 hits, 0 errors, 2 left on base; Chicago 2 - Montreal 1 |
|